[Event "Khanty-Mansiysk FIDE GP (Women)"]
[Site "Khanty-Mansiysk"]
[Date "2014.04.15"]
[Round "6"]
[White "Lagno, Kateryna"]
[Black "Batchimeg, Tuvshintugs"]
[Result "1/2-1/2"]
[ECO "A20"]
[WhiteElo "2543"]
[BlackElo "2340"]
[Annotator "ChessBase Website"]
[PlyCount "161"]
[EventDate "2014.04.09"]
[EventType "tourn"]
[EventRounds "11"]
[EventCountry "RUS"]
[EventCategory "10"]
[SourceTitle "CBM 160"]
[Source "ChessBase"]
[SourceDate "2014.05.15"]
[SourceVersion "1"]
[SourceVersionDate "2014.05.15"]
[SourceQuality "1"]
[TimeControl "40/5400+30:1800+30"]
[WhiteClock "1:30:00"]
[BlackClock "1:30:00"]

1. c4 e5 2. g3 Nf6 3. Bg2 d5 4. cxd5 Nxd5 5. Nf3 Nc6 6. O-O Be7 7. d4 exd4 8. Nxd4 Nxd4 9. Qxd4 Nf6 10. Qa4+ c6 11. Rd1 Qb6 (11... Bd7 12. Bg5 Qc7 13. Nc3 Be6 14. Qc2
O-O 15. e4 Rfd8 16. h3 Rxd1+ 17. Rxd1 Rd8 18. Be3 Rxd1+ 19. Qxd1 Nd7 20. f4 f6
21. a3 Bc5 22. Bxc5 Nxc5 23. Qd4 Qb6 24. Kh2 Nd7 25. Qd6 Nf8 26. Na4 Qf2 27.
Nc5 Bc4 28. Nd7 Nxd7 29. Qxd7 h6 30. Qxb7 Bb5 31. e5 fxe5 32. fxe5 Qe2 33. Qc8+
Kf7 34. Qd7+ Kg6 35. e6 {1-0 (35) Movsesian,S (2699)-Bryzgalin,K (2470)
Pardubice 2013}) 12. Be3 Bc5 13. Bxc5 Qxc5 14. b4 Qb6 15. Na3 O-O 16. Nc4 Qc7 17. Qa5 Qe7 18. Nb6 Rb8 19. Nxc8 Rfxc8 20. Qxa7 Qxe2 21. a4 $146 (21. Re1 Qb5 22. Qc5 Qxc5 23. bxc5 Kf8 24. Rab1 Rc7 25. Bh3 Ra8 26. Rb2
Ra5 27. Reb1 Ra7 28. f3 Nd7 29. Bxd7 Rxd7 30. Kf2 Ke7 31. Re2+ Kd8 32. Rb4 Ra5
33. Rc2 Ra3 34. Re4 Rad3 35. Re5 f6 36. Re3 Rd1 37. Re1 R1d5 38. Re6 Rd1 39.
Re1 R1d4 40. Re6 Rb4 41. Re3 Ra4 42. Ke2 Rad4 43. Kf2 h6 44. Ke2 Rd1 45. f4 h5
46. Kf3 Rf1+ 47. Ke2 Rh1 48. Kf3 Rf1+ 49. Ke2 Rfd1 50. Kf3 R1d4 {Kerr,S (2609)
-Karapchanski,D (2529) ICCF email 2006 1/2-1/2}) 21... h6 22.
h3 Re8 23. Qb6 $14 {[%emt 0:08:03][%csl Rb7,
Rb8] Lagno certainly obtained good pressure from the opening. She missed a
couple of key points in which she could have won a pawn in a clean fashion,
instead her accuracy dropped somewhat and she ended up a pawn but in a drawish
rook endgame that Tuvshintugs defended very well.} Ne4 24. Re1 Qc4 25. Bxe4 Rxe4 26. Qc7 Rxe1+ 27. Rxe1 Ra8 28. Qxb7 Rxa4 29.
Qc8+ Kh7 30. Qf5+ g6 31. Qf6 Ra8 32. Re7 Kg8 33. Rc7 Re8 34.
Kh2 Rf8 35. Qd6 Qa2 36. Qd4 Qd5 37. Qc5 Rb8 38. Rxc6 Qxc5 39. bxc5 Rb3 40. g4 Kg7 41. h4 h5 42. gxh5 gxh5 43. Rd6 Rb4 44.
Kg3 Rg4+ 45. Kh3 Rf4 46. Rd2 Rc4 47. Rd5 Kg6 48. Rg5+ Kh6 49.
f3 f6 50. Rd5 Kg6 51. Kg3 Rc3 52. Kf4 Rc4+ 53. Ke3 Rxh4 54. Kd3 Rh1 55. Kc2 Re1 56. c6 Re6 57. Rc5 Re8 58. Kd3 h4 59. c7 Rc8 60. Ke3 Kf7 61.
Kf4 Ke7 62. Rc6 Kd7 63. Rxf6 Rh8 64. Rf7+ Kc8 65. Rg7 h3 66. Rg1 Kxc7 67. Rh1 h2 68. Kg3 Kd6 69. Rxh2 Rxh2 70. Kxh2 Ke5 71. Kg3 Kf5 72. f4 Kf6 73. Kg4 Kg6 74. f5+ Kf6 75. Kf4 Kf7 76. Ke5 Ke7 77. f6+ Kf7 78. Kf5 Kf8 79. Kg6 Kg8 80. f7+ Kf8 81. Kf6 1/2-1/2

[Event "EU-ch 12th"]
[Site "Aix les Bains"]
[Date "2011.03.25"]
[Round "4"]
[White "Georgiev, Kiril"]
[Black "Godena, Michele"]
[Result "1/2-1/2"]
[ECO "A20"]
[WhiteElo "2666"]
[BlackElo "2526"]
[Annotator "Marchand,A/Primel,D"]
[PlyCount "65"]
[EventDate "2011.03.22"]
[EventType "swiss"]
[EventRounds "11"]
[EventCountry "FRA"]
[SourceTitle "CBM 142 Extra"]
[Source "ChessBase"]
[SourceDate "2011.06.27"]
[SourceVersion "1"]
[SourceVersionDate "2011.06.27"]
[SourceQuality "1"]
[TimeControl "40/5400+30:1800+30"]

1. c4 e5 2. g3 (2. Nc3 Bb4 {Le répertoire habituel de l'italien qui est évité
en jouant 2.g3}) 2... Nf6 3. Bg2 h6 $5 {[%csl Rc1] Les Blancs auront du mal а
trouver une bonne case pour le Bc1 et cette idée du père d'Almira SKRIPCHENKO
est assez populaire depuis quelques années car il est difficile pour les
Blancs de profiter de l'avance de développement. C'est une variante qui aurait
fait hurlé BOTVINNIK! En effet, il était persuadé que 1.c4 e5 n'était pas bon
pour les Noirs car ils avaient un temps de retard par rapport а une sicilienne.
Or,ici ils donnent un second tempo! Dans la pratique, les choses ne sont pas
aussi simples notamment а cause de la "théorie de l'information" et les Noirs
ont d'excellents résulats avec cette suite originale.} 4. Nc3 {[%emt 0:01:29]
C'est l'intérêt de cette variante h6 qui force les Blancs а jouer Nc3 qui
permet de jouer Bb4 alors que les Blancs voulaient justement l'éviter en
jouant 2.g3} (4. d4 $6 e4 (4... exd4 5. Qxd4 (5. Nf3 c5 6. O-O Be7 7. e3 dxe3
8. Bxe3 d5 $1 (8... O-O 9. Nc3 $44 ) 9. cxd5 Nxd5 $132 ) 5... Nc6 $132) 5. Nc3 Bb4 6. Qb3 Nc6 7. d5 Nd4 $40 {[%csl Rb3,
Rc2];Christensen,T (2371)-Glek,I (2566) EU-Cup 19th Rethymnon 2003 (2) 0-1}) (
4. Nf3 $143 e4 $1 5. Nd4 Nc6 $11 {Sergeev,V (2436)-Bobras,P (2563) Warsaw AIG
Life rapid 2005 (12) 0-1}) (4. d3 Bb4+ 5. Nd2 (5. Bd2 Bxd2+ 6. Qxd2 O-O 7. Nc3
Re8 8. e3 d6 9. Nge2 a5 10. h3 Nbd7 11. O-O Nc5 12. f4 (12. d4 exd4 13. exd4
Nce4 $11) 12... c6 $11 {Baryshpolets,A (2422)-Vysochin,S (2526) Nabokov
Memorial 7th 2009 (10) 0-1} (12... a4 )) 5... O-O 6. Ngf3 Re8 7.
O-O c6 8. a3 Bf8 9. e4 a5 {[%cal Gd7d5];Cruz,F (2367)-Tyomkin,D (2505) Calvia
ol (Men) 2004 (9) 0-1}) (4. e4 Bc5 5. Ne2 Nc6 6. h3 d6 7. d3 O-O 8. O-O Be6 9.
Nbc3) 4... Bb4 5. Nd5 {Ce coup naturel est moins efficace que
dans la variante 1c4 e5 2.Nc3 Bb4 car les Noirs peuvent échanger le N} (5. e4
Bxc3 $1 {Dans le même esprit que la variante 2.Nc3 Bb4, cet échange est
souvent favorable pour les Noirs.} 6. bxc3 (6. dxc3 O-O 7. Ne2 d6 8. f3 $6 Be6
$132 {Horvath,G (2425)-Hundack,R St Ingbert op 1989 (5) 1-0}) 6... O-O 7. Ne2
d6 (7... Re8 8. O-O c6 $5 9. Qb3 Na6 10. Ba3 b6 11. d3 d6 12.
Rad1 Qc7 13. f4 Nc5 14. Qc2 Ncd7 15. Bc1 Bb7 16. Bh3 b5 {[%emt 0:33:25] Cekro,
E (2410)-Glek,I (2575)/Vlaardingen op act rapid (2)/0-1} (16... d5 $1 {Glek}))
8. O-O a6 (8... Be6) 9. a4 Nbd7 10. d3 Nc5 11. h3 Bd7 $132 {[%csl Ra4];
Grischuk,A (2771)-Eljanov,P (2742) Wch Blitz 5th 2010 (37) 0-1}) (5. e3 $143 $6
{Trop lent et les Blancs vont être obligés de perdre une tempo en jouant
ensuite e3e4} Bxc3 $1 {Avant que les Blancs n'aient le temps de jouer Nge2} (
5... O-O $143 6. Nge2 ) 6. bxc3 O-O 7. e4 {Le signe que e3 était
assez douteux} Re8 $132 {Gurevich,M (2649)-Glek,I (2590) Vlissingen HZ op 06th
2002 (6) 1-0}) (5. Qb3 Bxc3 6. Qxc3 d6 7. Nf3 O-O 8. O-O Re8 $11) (5. Nf3 Bxc3
6. dxc3 d6 7. O-O Nc6 8. Ne1 O-O $11 {Jobava,B (2644)-Tkachiev,V (2661)
Benidorm Bali rap rapid 2007 (9) 1/2}) 5... Nxd5 $1 {Comme les Noirs n'ont pas
joué Nc6, ils pourront égaliser avec la poussée c6 sans perdre un tempo. En
fait, l'intérêt de cette ligne h6 est de transposer dans la variante 1.c4e5 2.
Nc3 Bb4 que joue d'ailleurs l'italien mais en évitant la ligne critique 3.Nd5
attaquant le Bb4.} 6. cxd5 O-O 7. e3 (7. Nf3
d6 8. O-O c6 $132 {Gomez Jurado,L (2353)-Carlsson,P (2496) Barbera del Valles
op 34th 2011 (5) 0-1}) 7... c6 $1 8. a3 (8.
Qb3 Ba5 9. Ne2 d6 10. O-O c5 (10... cxd5 11. Bxd5 Nc6) 11. d4 Nd7 12. Qc2 b5
$132 {[%emt 0:33:25] Hansen,C (2607)-Bruzon Batista,L (2226)/Samba Cup 2nd (8)/
1/2-1/2}) 8... Be7 9. Ne2 (9. b4 a5 $132) 9... cxd5 {29 Les Noirs sont déjà en grand retard} 10. Bxd5 d6
11. O-O Nd7 (11... Nc6) 12. Bg2 Nf6 (12... f5 $143 13. Nc3 ) 13. b4 (13. Qb3 $5 ) 13... Qb6 (13... a5) 14. Bb2 Be6 (14... a5 $5 ) 15. d4 Rfd8
(15... Bc4 16. dxe5 dxe5 17. Bxe5 Qb5 18. Bxf6 Bxe2 19. a4
Qh5 $40) (15... Bc4 $5 16. dxe5 (16. Re1 Rfd8 17. Qc2 Rac8)
16... dxe5 17. Bxe5 $2 Qb5) 16. Nc3 Bc4 17. Re1 a5 18. Rb1 (18. b5 $5 {Plus
intéressant car les Noirs ne peuvent se permettre le luxe de prendre le P et
les Blancs gardent l'option de développer la Ra1 sur une case plus active} a4 (
18... Bxb5 19. Qb3) 19. Rb1 Rdc8 20. Nxa4 Qxb5 21. Nc3 Qa6 (21... Qd7 22. dxe5)
22. a4) 18... axb4 19. axb4 Bf8 20. b5 exd4 21. exd4 d5 $15 22. Bc1 Ne4 (22... Re8) 23. Nxe4 dxe4 24.
Rxe4 (24. Bxe4) 24... Ba2 25. Rb2 Bd5 26. Rf4 Bd6 {Plus qu'une minute pour passer le contrôle de temps} 27.
Rg4 Be6 28. Be3 Bxg4 29. Qxg4 Ra1+ 30. Bf1 Be7 31. Kg2 Bf6 32. Rd2 Ra4 33. Qd1
1/2-1/2

[Event "EU-ch 12th"]
[Site "Aix les Bains"]
[Date "2011.03.25"]
[Round "4"]
[White "Svidler, Peter"]
[Black "Mastrovasilis, Athanasios"]
[Result "1-0"]
[ECO "A20"]
[WhiteElo "2730"]
[BlackElo "2547"]
[Annotator "Marchand,A/Primel,D"]
[PlyCount "47"]
[EventDate "2011.03.22"]
[EventType "swiss"]
[EventRounds "11"]
[EventCountry "FRA"]
[SourceTitle "CBM 142 Extra"]
[Source "ChessBase"]
[SourceDate "2011.06.27"]
[SourceVersion "1"]
[SourceVersionDate "2011.06.27"]
[SourceQuality "1"]
[TimeControl "40/5400+30:1800+30"]

1. g3 {1g3 est un oiseau rare а ce niveau!} e5 {Sur la réaction des Noirs, cf
l'article: http://www.chessintranslation.com/2011/03/
the-future-belongs-to-1-g3/} 2. c4 (2. Bg2 Nf6 3. d3 Nc6 4. Nf3 d5 5. O-O Be7
6. c3 O-O 7. b4 e4 8. dxe4 Nxe4 9. Nfd2 Bf5 {Shoker,S (2353)-Fressinet,L (2646)
Internationaux Blitz Paris Charlety 2007 (10.2) 1-0}) 2... Nf6 3. Bg2 c6 4. d4 e4 5. d5 (5. Nc3 d5 6. Bg5 Bb4 7. Qb3 Bxc3+
8. Qxc3 O-O 9. e3 Nbd7 10. cxd5 cxd5 11. Rc1 b6 12. Qa3 a5 13. Ne2 Ba6 14. Bh3
Rc8 15. Kd2 Rxc1 16. Rxc1 h6 17. Bf4 Qa8 18. Rc7 Rc8 19. Qc3 g5 {Rowson,J 
(2547)-Bologan,V (2627)/Bled 2002/EXT 2003/0-1 (51)}) 5... cxd5 6. cxd5 Bb4+ 7. Bd2 e3 $5 8. Bxb4 (8. fxe3
Na6 9. Bxb4 Nxb4 10. a3 Na6 ) 8... exf2+ 9. Kd2 Qb6 (9... Na6 $1
10. Bc3 fxg1=Q 11. Qxg1 (11. Rxg1) 11... O-O $44) 10. Ba3 d6 (10... Nxd5 $142 $5 11. Nh3 (11. Bxd5 Qd4+ 12. Kc1
Qxd1+ 13. Kxd1 f1=Q+) 11... Ne3 $44 ) 11. Nf3 Bf5 (11... Na6 12. Qb3 Qa5+ 13. Nc3) 12. Nc3 O-O
$138 13. Qb3 Qd8 14. Rhf1 Re8 15. Rxf2 Ng4 16. Ke1 Qe7 17. e4 Nd7 18. Re2 Bg6 19. Qxb7 Bh5 20. Qc7 Nge5 21.
Nxe5 Qxe5 22. Qxd7 Bxe2 23. Nxe2 Qg5 24. Qxd6 1-0

[Event "Rohde op 12th"]
[Site "Sautron"]
[Date "2012.10.31"]
[Round "6"]
[White "Rusev, Krasimir"]
[Black "Karpatchev, Aleksandr"]
[Result "0-1"]
[ECO "A20"]
[WhiteElo "2549"]
[BlackElo "2458"]
[Annotator "RR"]
[PlyCount "104"]
[EventDate "2012.10.27"]
[EventType "swiss"]
[EventRounds "9"]
[EventCountry "FRA"]
[SourceTitle "EXT 2014"]
[Source "ChessBase"]
[SourceDate "2013.11.20"]
[SourceVersion "1"]
[SourceVersionDate "2013.11.20"]
[SourceQuality "1"]
[TimeControl "40/5400+30:1800+30"]
[WhiteClock "1:30:00"]
[BlackClock "1:30:00"]

1. c4 e5 2. g3 Nf6 3. Bg2 c6 {[%emt 0:02:34][%cal Gd7d5] Transpose
parfois dans le système KERES} 4. d4 $1 Bb4+ {[%emt 0:01:17]
Une suite trés solide car après 'échange des B, les Noirs auront un centre sur
cases noires.} (4... e4 5. Nc3 (5. d5)) 5. Bd2 Bxd2+ 6. Qxd2 d6 7. Nc3 O-O 8. e3 Re8 (8... Be6 9. b3 exd4 10. Qxd4 d5 $132) (8... Qe7 9. Nge2 Nbd7 $11) 9.
Nge2 e4 (9... Nbd7 10. h3 (10.
O-O Qe7 11. h3 h5 12. e4 exd4 13. Nxd4 Ne5 14. Qe2 Ng6 15. f4 Qc7 16. Kh1 Bd7
17. Qd2 Rad8 18. Rad1 Bc8 19. Qc1 a6 20. a3 c5 21. Nc2 Bd7 22. Ne3 Bc6 23. Ned5
Bxd5 24. Nxd5 Nxd5 {Romanov,E (2628)-Kornev,A (2530)/Moscow 2012/CBM 146 Extra/
1-0 (62)}) 10... Nf8 11. O-O e4 12. f4 exf3 13. Rxf3 h6 14. Raf1 N8h7 15. e4
Be6 16. b3 a6 17. R3f2 Qe7 18. g4 Rad8 19. Ng3 b5 20. cxb5 axb5 21. Nd1 c5 22.
Ne3 cxd4 23. Qxd4 Bd7 24. Rd1 {Navara,D (2722)-Moiseenko,A (2715)/
Khanty-Mansiysk 2011/CBM 145/1/2-1/2 (72)}) 10. h3 (10. O-O)
10... d5 $11 11. g4 $5 $146 {[%emt 0:02:55][%cal Gg4g5,Ge2g3,
Gg3f5] Un plan ambitieux} (11. cxd5 cxd5 12. O-O Na6 13. f4 h5 14. f5 Qd6 15.
Nf4 Nc7 16. Qe2 Bxf5 17. Nxh5 Nxh5 18. Qxh5 Bg6 19. Qg5 Ne6 20. Qg4 Bh7 21. h4
f5 22. Qh3 Rf8 23. Rf2 Rf6 24. Ne2 Rc8 25. g4 f4 {Colin,V (2441)-Libiszewski,F
(2518)/Rouen 2009/EXT 2011/1/2-1/2 (58)}) 11... h6 (11... dxc4
12. Ng3 Be6 13. O-O Qe7 14. Ngxe4 Nxe4 15. Nxe4 Nd7) 12. Ng3 Nh7 13. Qe2 (13. O-O {[%cal Gg3f5] Un plan plus solide}) 13... Be6 14. h4 (14. O-O-O) 14... Nd7 15.
O-O-O $13 Ndf6 (15... b5 $5 {Il est trés
risqué pour les Blancs d'accepter le gambit}) 16. f3 dxc4 17. Ngxe4 Nd5 $1 $132 18. g5 h5 19. Rhe1 (19. g6 $5) 19... Qa5 20. a3 $6 {
[%emt 0:04:26][%csl Rb3] Donne de la prise а une attaque sur la colonne "b"} (
20. Kb1) 20... b5 $1 21. Na2 Qc7 (21... Rab8) (21... Qb6 $1 {Evite l'échange
des Q de la partie} 22. Rg1 a5 $17) 22. Qf2 a5 $36 23. Qg3 Qxg3 24. Nxg3 b4 $17 25. Ne4 c3 (25...
Nf8) 26. b3 Nxe3 $1 27. Rxe3 Bxb3 28. Naxc3 $8 bxc3 29.
Rdd3 Nf8 30. Bh3 Rad8 $13 31. Rxc3 (31. Bf5) 31... Bd5 32. Bf5 Ng6 33. Bxg6 fxg6 34. Ng3 Rxe3 35. Rxe3 Rf8 $17 36. Ne2 Bxf3 37. Kd2 Bg4 (37... Bxe2 $143 38. Kxe2 Rf4 {Les Blancs peuvent peut-être sauver la
nulle mais après la chute du P"h4", le P"h5" sera trés dangereux}) 38. Kc3 Rf2 39. Nc1 Bf5 $1 $40 40. Nd3 Ra2 41. Kb3 Rh2 42. Ne5 Rxh4 $19 43. Nxc6 Re4 $1 44. Rd3 h4 (44... Re2
$142 45. Rc3 h4 ) 45. d5 h3 46. Rd2 Kf7 47. Nxa5 Rh4 48. Rh2 Be4 49. Kc3 Bxd5 50. Nb3 Rc4+ 51. Kb2 Bg2 52. Nd2 Rc5 0-1